 Dungeon Crawl Stone Soup version 0.32-a0-391-gce5c0aab1b (webtiles) character file.

Game seed: 9035577006100206166

557 cforsyth the Slasher (level 7, -6/57 HPs)
             Began as a Coglin Gladiator on Feb 20, 2024.
             Shot with an arrow by a centaur (12 damage)
             ... on level 4 of the Dungeon.
             The game lasted 00:04:21 (3261 turns).

cforsyth the Slasher (Coglin Gladiator)             Turns: 3261, Time: 00:04:24

Health: -6/57      AC:  5    Str: 15    XL:     7   Next: 30%
Magic:  7/7        EV: 12    Int:  7    God:
Gold:   311        SH:  0    Dex: 17    Spells: 6/6 levels left

rFire   . . .        a - +0 long sword {Surin}
rCold   + . .        b - +0 short sword {Alejandra}
rNeg    . . .        l - +0 leather armour
rPois   .            c - +0 helmet
rElec   .            (no cloak)
rCorr   .            (no gloves)
SInv    .            i - +0 pair of boots
Will    +....        (no amulet)
Stlth   +            C - ring of protection from cold
HPRegen 0.29/turn    (no ring)
MPRegen 0.10/turn

%: no passive effects
@: on fire, enlightened, flying, glowing, revving, stiff-legged, very slow
A: off-hand wielding, slow wielding, warmup strikes, warmup strides
a: no special abilities


You were on level 4 of the Dungeon.
You visited 1 branch of the dungeon, and saw 4 of its levels.

You collected 311 gold pieces.


Innate Abilities, Weirdness & Mutations

You can wield a second weapon in your off-hand.
It takes a long time for you to wield or remove held weapons.
Your first few attacks do less damage.
Your first movements take longer.


   Skills:
 + Level 5.6 Fighting
 + Level 6.1 Long Blades
 - Level 1.7 Throwing
 - Level 2.6 Dodging


You had 6 spell levels left.
You didn't know any spells.
Your spell library was empty.

Inventory:

Hand Weapons
 a - a +0 long sword (weapon) {Surin}
 b - a +0 short sword (worn) {Alejandra}
Missiles
 d - 3 throwing nets (quivered) {=f}
 e - a javelin
Armour
 c - a +0 helmet (worn)
 i - a +0 pair of boots (worn)
 l - a +0 leather armour (worn)
 s - a +2 pair of boots
Jewellery
 C - a ring of protection from cold (left grasper)
Wands
 m - a wand of flame (22)
Scrolls
 j - a scroll of blinking {unknown}
 k - 3 scrolls of teleportation {unknown}
 o - 2 scrolls of identify {unknown}
 r - a scroll of enchant armour {unknown}
 u - a scroll of amnesia {unknown}
 v - a scroll of fog {unknown}
 w - 3 scrolls of butterflies {unknown}
Potions
 f - a potion of lignification {unknown}
 g - 2 potions of haste {unknown}
 h - a potion of enlightenment
 n - a potion of heal wounds {unknown}
 p - a potion of degeneration {unknown}
 q - a potion of curing {unknown}
 t - a potion of berserk rage {unknown}

Dungeon Overview and Level Annotations

Branches:
Dungeon (4/15)
 Temple: D:4-7

Altars:
Ashenzari
Wu Jian

Shops:
D:1

* .#.####
#.........##.##..#.#
......#
####..######.##..#.#
......# ####
#.##..#.# ##.####
#.##..#.# ...#
###.##..#.#####
...## ##+
#...##.........
....# #..#
######.##.#####
....# #..ß######
#.##....## ....#
#..@....###.#####.##
†##.## #.......'.#.#
#.## †)...#
#c.ß######...# #.##
....## #..# #####
###.## ....# ##+
.######..... ....#
..........## ....#
#######.###
.#.####### ### #.#
..#......# #.# #.#


You could see a centaur.


Message History

You hit the bombardier beetle with your +0 short sword.
The bombardier beetle is heavily wounded.
You hit the bombardier beetle with your +0 long sword.
The centaur shoots an arrow.
The arrow hits you!
The bombardier beetle sprays incendiary fluid at you.
The burning spray hits you.
You are covered in liquid fire!
You hit the bombardier beetle with your +0 long sword.
The bombardier beetle is almost dead.
You closely miss the bombardier beetle with your +0 short sword.
The liquid fire burns you!
* * * LOW HITPOINT WARNING * * *
The centaur shoots an arrow.
The arrow hits you.
* * * LOW HITPOINT WARNING * * *
You hit the bombardier beetle with your +0 long sword.
You kill the bombardier beetle!
The liquid fire burns you!
* * * LOW HITPOINT WARNING * * *
The centaur shoots an arrow.
The arrow hits you!
* * * LOW HITPOINT WARNING * * *
The centaur shoots an arrow.
The arrow hits you.
* * * LOW HITPOINT WARNING * * *
Unknown command.
It was a potion of enlightenment.
You feel very buoyant.
You fly up into the air.
The liquid fire burns you!
* * * LOW HITPOINT WARNING * * *
The centaur shoots an arrow.
The arrow hits you!
You die...

Skill      XL: |  1  2  3  4  5  6  7 |
---------------+----------------------+-----
Fighting       | 4 5 |  5.6
Long Blades    | 4 5 6 |  6.1
Throwing       | |  1.7
Dodging        | |  2.6

Action                     |  1- 3 |  4- 6 |  7- 9 || total
---------------------------+-------+-------+-------++-------
  Melee: Long sword        |    66 |    94 |    22 ||   182
         Short sword       |    16 |    84 |    18 ||   118
    Use: Potion            |       |       |     1 ||     1
   Stab: Sleeping          |     4 |     2 |     1 ||     7
 Armour: Leather armour    |    36 |    60 |    12 ||   108
  Dodge: Dodged            |    36 |    61 |    17 ||   114

Levels and vault maps discovered:
D:1:      elethiomel_arrival_shortcut, layout_basic, serial_shops,
          nicolae_shop_overgrown_old_shop
D:2:      layout_loops_ring, shapermc_ecumenical_altar_mp_urbaneastern,
          uniq_sigmund
D:3:      minmay_spotlight, layout_loops_corners, nicolae_overflow_crystal_walls
D:4:      minmay_chambers_of_twos, layout_loops_ring, general_overflow_altar,
          nicolae_elevator_lobby_asterisk

Notes
Turn   | Place    | Note
-------+----------+-------------------------------------------
     0 | D:1      | cforsyth the Coglin Gladiator began the quest for the Orb.
     0 | D:1      | Reached XP level 1. HP: 16/16 MP: 1/1
    74 | D:1      | Reached XP level 2. HP: 13/23 MP: 2/2
   132 | D:1      | Found Wuynyi's Assorted Antiques.
   643 | D:1      | Reached XP level 3. HP: 28/28 MP: 3/3
  1032 | D:2      | Reached skill level 3 in Fighting
  1076 | D:2      | Noticed Sigmund
  1084 | D:2      | Killed Sigmund
  1085 | D:2      | Reached skill level 4 in Fighting
  1085 | D:2      | Reached skill level 4 in Long Blades
  1085 | D:2      | Reached XP level 4. HP: 33/38 MP: 4/4
  1085 | D:2      | Reached XP level 5. HP: 37/43 MP: 5/5
  1206 | D:2      | Reached skill level 5 in Long Blades
  1415 | D:2      | Reached XP level 6. HP: 49/49 MP: 6/6
  1421 | D:2      | Found a faded altar of an unknown god.
  2156 | D:3      | Found an ornate altar of the Wu Jian Council.
  2653 | D:4      | Reached skill level 5 in Fighting
  2673 | D:4      | Found a broken altar of Ashenzari.
  2928 | D:4      | Reached XP level 7. HP: 39/56 MP: 7/7
  3201 | D:4      | Reached skill level 6 in Long Blades
  3261 | D:4      | Shot with an arrow by a centaur

Vanquished Creatures
  Sigmund (D:2)
  An ogre (D:4)
  2 bombardier beetles (D:4)
  A hound (D:4)
  7 adders
  A shadow imp (D:3)
  A ribbon worm (D:3)
  3 dart slugs
  3 orcs
  5 endoplasms
  4 giant cockroaches
  6 goblins
  6 hobgoblins
  2 jackals (D:2)
  2 quokkas
  9 ball pythons
  6 bats
  3 frilled lizards
  7 kobolds
  8 rats
78 creatures vanquished.

Table legend: (Time is in decaauts)
 A = Elapsed time spent in this place.
 B = Non-inter-level travel time spent in this place.
 C = Inter-level travel time spent in this place.
 D = Time resting spent in this place.
 E = Time spent auto-exploring this place.
 F = Levels seen in this place.
 G = Mean time per level.
                   A        B        C        D        E       F      G
               +--------+--------+--------+--------+--------+-----+--------+
         Total |   3384 |   3279 |    105 |      0 |   2716 |   4 |  846.0 |
       Dungeon |   3384 |   3279 |    105 |      0 |   2716 |   4 |  846.0 |
               +--------+--------+--------+--------+--------+-----+--------+

Top non-repeatable levels by time:
     D:3: 1102 daAuts
     D:1: 1024 daAuts
     D:4: 679 daAuts
     D:2: 579 daAuts

Table legend:
 A = Non-vault XP
 B = Vault XP
 C = Vault XP percentage of total XP
 D = Non-vault monster count
 E = Vault monster count
 F = Vault count percentage of total count
                 A         B        C        D         E       F
            +---------+---------+-------+---------+---------+-------
      Total |     455 |     342 |  42.9 |      71 |       7 |   9.0
            +---------+---------+-------+---------+---------+-------
        D:1 |      43 |       0 |   0.0 |      17 |       0 |   0.0
        D:2 |      59 |     240 |  80.3 |      18 |       1 |   5.3
        D:3 |      83 |      59 |  41.5 |      24 |       5 |  17.2
        D:4 |     270 |      43 |  13.7 |      12 |       1 |   7.7
            +---------+---------+-------+---------+---------+-------
